 Dungeon Crawl Stone Soup version 0.20.1-1-g8b1a95d (webtiles) character file.

67 Glalom the Poker (level 4, -12/38 HPs)
             Began as a Merfolk Berserker on Nov 5, 2017.
             Was a Believer of Trog.
             Mangled by an ogre
             ... wielding a +0 giant club
              (26 damage)
             ... on level 2 of the Dungeon.
             The game lasted 00:03:13 (1705 turns).

Glalom the Poker (Merfolk Berserker)                Turns: 1705, Time: 00:03:13

Health: -12/38     AC:  3    Str: 17    XL:     4   Next: 18%
Magic:  4/4        EV: 13    Int:  6    God:    Trog [**....]
Gold:   81         SH:  0    Dex: 14    Spells: 3/3 levels left

rFire    . . .     SeeInvis .   a - +0 spear
rCold    . . .     Gourm    .   (no shield)
rNeg     . . .     Faith    .   u - +0 leather armour
rPois    .         Spirit   .   (no helmet)
rElec    .         Reflect  .   (no cloak)
rCorr    .         Harm     .   (no gloves)
MR       ++...                  (no boots)
Stlth    +.........             (no amulet)
Regen    1.2/turn               (no ring)
MPRegen  0.1/turn               (no ring)

@: berserk cooldown, regenerating, slowed, very slow
A: change form in water, swift swim, stealthy swim
a: Berserk, Trog's Hand, Burn Spellbooks, Renounce Religion


You were on level 2 of the Dungeon.
You worshipped Trog.
Trog was pleased with you.
You were near starving.

You visited 1 branch of the dungeon, and saw 3 of its levels.

You collected 81 gold pieces.

Inventory:

Hand Weapons
 a - a +0 spear (weapon)
Armour
 b - a +0 animal skin
 u - a +0 leather armour (worn)
Jewellery
 e - an uncursed ring of flight {unknown}
 k - a +5 amulet of reflection {unknown}
Scrolls
 d - 3 scrolls of enchant weapon {unknown}
 f - 2 scrolls of identify {unknown}
 g - a scroll of fog {unknown}
 h - a scroll of enchant armour {unknown}
 q - 2 scrolls of remove curse {unknown}
 s - a scroll of teleportation {unknown}
 t - 2 scrolls of magic mapping {unknown}
Potions
 i - 2 potions of curing {unknown}
 l - 4 potions of heal wounds {unknown}
 n - a potion of flight {unknown}
 p - a potion of magic {unknown}
Comestibles
 c - 2 bread rations
 j - 2 fruits
 m - 2 meat rations
 r - 6 royal jellies


   Skills:
 + Level 4.5 Fighting
 + Level 5.5 Polearms
 - Level 1.3 Armour
 + Level 3.1 Dodging


You had 3 spell levels left.
You didn't know any spells.

Dungeon Overview and Level Annotations

Branches:
Dungeon (3/15)

Altars:

Annotations:
D:3 Robin


Message History

Trog accepts your kill.
Attack whom?
Press: ? - help, Dir - move target cursor, f/p - ogre
Aim: an ogre, wielding a giant club (lightly wounded)
You reach to attack!
You puncture the ogre!
The ogre is moderately wounded.
Attack whom?
Press: ? - help, Dir - move target cursor, f/p - ogre
Aim: an ogre, wielding a giant club (moderately wounded)
Okay, then.
You feel a strong urge to attack something.
You feel your anger subside.
You are no longer berserk.
You are exhausted.
You feel yourself slow down.
Your skin crawls.
You feel resistant to hostile enchantments.
You feel somewhat more hungry. The ogre hits you with a giant club!!
Ouch! That really hurt!
You die...

######## #......#
#.####.########
#####.####........#
#...........>.#.#.#
#.##....##.@#...#.###
#.##.......O##....g.#
#.#..##.###.#####.#.#
#.#.###.# #.#####.#.#####
#.#.###.# #....)..#g#...##
#.......#
#########gO....##
###.#####
#.....##........# #...#
#.....##.#......#
#...######.....##........#


You could see an ogre.

Vanquished Creatures
  An adder (D:2)
  2 oozes
  A dart slug (D:1)
  3 leopard geckos (D:2)
  3 giant cockroaches
  7 goblins
  8 hobgoblins
  4 jackals (D:1)
  A kobold (D:1)
  A ball python (D:2)
  3 bats
  A frilled lizard (D:3)
  6 rats
41 creatures vanquished.

Notes
Turn   | Place    | Note
-------+----------+-------------------------------------------
     0 | D:1      | Glalom the Merfolk Berserker began the quest for the Orb.
     0 | D:1      | Reached XP level 1. HP: 18/18 MP: 1/1
   157 | D:1      | Reached XP level 2. HP: 20/24 MP: 2/2
   301 | D:1      | Reached skill level 5 in Polearms
   541 | D:1      | Reached XP level 3. HP: 30/30 MP: 3/3
   568 | D:1      | Reached ** piety under Trog
  1032 | D:2      | Found a faded altar of an unknown god.
  1281 | D:2      | Reached XP level 4. HP: 32/38 MP: 4/4
  1659 | D:3      | Noticed an ogre
  1661 | D:3      | Noticed Robin
  1705 | D:2      | Mangled by an ogre

Skill      XL: |  1  2  3 |
---------------+----------+-----
Polearms       | 5 |  5.5
Fighting       | 4 |  4.5
Dodging        | 3 |  3.1
Armour         | |  1.3

Action                   |  1- 3 |  4- 6 || total
-------------------------+-------+-------++-------
Melee: Spear             |   119 |    39 ||   158
Invok: Berserk           |       |     1 ||     1
       Trog's Hand       |       |     1 ||     1
 Stab: Sleeping          |     3 |       ||     3
       Distracted        |     1 |       ||     1
  Eat: Chunk             |     1 |     1 ||     2
Armor: Animal skin       |    14 |     2 ||    16
       Leather armour    |       |     2 ||     2
Dodge: Dodged            |    46 |    18 ||    64
